TOP OF THE 1ST |
Colorado Springs Sky Sox batting - Pitching for El Paso Chihuahuas : RHP Miguel Estrada
|
Pitching: RHP Miguel Estrada
|
|
Batting: LHB Robert Watson
|
0-0: Called Strike 0-1: Called Strike 0-2: Ball 1-2: Strikes out looking
|
Batting: RHB Jayden Patterson
|
0-0: Called Strike 0-1: Called Strike 0-2: Ball 1-2: Ball 2-2: Ball 3-2: Strikes out swinging
|
Batting: RHB Itsuo Yoshioka
|
0-0: Ball 1-0: Foul Ball, location: 2F 1-1: Ground out 6-3 (Groundball, 6, EV 88.1 MPH)
|
Top of the 1st over - 0 runs, 0 hits, 0 errors, 0 left on base; Colorado Springs 0 - El Paso 0 |
BOTTOM OF THE 1ST |
El Paso Chihuahuas batting - Pitching for Colorado Springs Sky Sox : LHP Ashton Upchurch
|
Pitching: LHP Ashton Upchurch
|
|
Batting: LHB Per Meulengracht
|
0-0: Ball 1-0: Ball 2-0: Foul Ball, location: 2F 2-1: Called Strike 2-2: Ball 3-2: Fly out, F1 (Line Drive, P, EV 65.6 MPH)
|
Batting: SHB Brian Bentz
|
0-0: Ball 1-0: Ball 2-0: Ground out 6-3 (Groundball, 6, EV 82.5 MPH)
|
Batting: RHB Jimmy Groseclose
|
0-0: Called Strike 0-1: Ball 1-1: SINGLE (Line Drive, 9LS, EV 90.6 MPH)
|
Batting: RHB Jose Morrissey
|
0-0: Ball 1-0: Foul Ball, location: 2F 1-1: Fly out, F4 (Line Drive, 4, EV 61.9 MPH)
|
Bottom of the 1st over - 0 runs, 1 hit, 0 errors, 1 left on base; Colorado Springs 0 - El Paso 0 |
TOP OF THE 2ND |
Colorado Springs Sky Sox batting - Pitching for El Paso Chihuahuas : RHP Miguel Estrada
|
Batting: RHB Carlos Castillo
|
0-0: Swinging Strike 0-1: Called Strike 0-2: Ball 1-2: Strikes out swinging
|
Batting: LHB Steve Jewell
|
0-0: Called Strike 0-1: Foul Ball, location: 2F 0-2: Strikes out swinging
|
Batting: RHB Jamie Alejandro
|
0-0: Ball 1-0: Ground out 4-3 (Groundball, 4, EV 78.1 MPH)
|
Top of the 2nd over - 0 runs, 0 hits, 0 errors, 0 left on base; Colorado Springs 0 - El Paso 0 |
BOTTOM OF THE 2ND |
El Paso Chihuahuas batting - Pitching for Colorado Springs Sky Sox : LHP Ashton Upchurch
|
Batting: RHB Gavin Fimple
|
0-0: Ball 1-0: Ground out 5-3 (Groundball, 56, EV 107.5 MPH)
|
Batting: RHB Luis Ramos
|
0-0: Fly out, F7 (Flyball, 7, EV 79.4 MPH)
|
Batting: RHB Daniel Coronado
|
0-0: Called Strike 0-1: Swinging Strike 0-2: Ball 1-2: Foul Ball, location: 2F 1-2: Foul Ball, location: 2F 1-2: Ball 2-2: Strikes out swinging
|
Bottom of the 2nd over - 0 runs, 0 hits, 0 errors, 0 left on base; Colorado Springs 0 - El Paso 0 |
TOP OF THE 3RD |
Colorado Springs Sky Sox batting - Pitching for El Paso Chihuahuas : RHP Miguel Estrada
|
Batting: RHB Chad Thompson
|
0-0: SINGLE (Groundball, 56D, EV 99.4 MPH)
|
Batting: RHB Chris Naumann
|
0-0: Ball 1-0: Ball 2-0: Called Strike 2-1: Foul Ball, location: 2F 2-2: Fielders Choice at 2nd, 6-4 (Groundball, 56, EV 102.5 MPH)
|
Batting: SHB Ashton Upchurch
|
0-0: Ball 1-0: Foul Ball, location: 2F 1-1: Ball 2-1: Swinging Strike 2-2: Foul Ball, location: 2F 2-2: Ball 3-2: Foul Ball, location: 2F 3-2: Fly out, F4 (Flyball, 34D, EV 89.4 MPH)
|
Batting: LHB Robert Watson
|
0-0: Called Strike 0-1: Ball 1-1: Ball 2-1: TRIPLE (Flyball, 8RXD, EV 101.3 MPH) Chris Naumann scores
|
Batting: RHB Jayden Patterson
|
0-0: Ball 1-0: Ball 2-0: Ball 3-0: Fly out, F8 (Flyball, 8LM, EV 95.0 MPH)
|
Top of the 3rd over - 1 run, 2 hits, 0 errors, 1 left on base; Colorado Springs 1 - El Paso 0 |
BOTTOM OF THE 3RD |
El Paso Chihuahuas batting - Pitching for Colorado Springs Sky Sox : LHP Ashton Upchurch
|
Batting: RHB Francisco Trejo
|
0-0: Ball 1-0: Foul Ball, location: 2F 1-1: Ground out 4-3 (Groundball, 4, EV 85.6 MPH)
|
Batting: RHB Miguel Estrada
|
0-0: Ball 1-0: Ground out 3-1 (Groundball, 23, EV 85.0 MPH)
|
Batting: LHB Per Meulengracht
|
0-0: Foul Ball, location: 2F 0-1: Ball 1-1: Ground out 4-3 (Groundball, 4, EV 82.5 MPH)
|
Bottom of the 3rd over - 0 runs, 0 hits, 0 errors, 0 left on base; Colorado Springs 1 - El Paso 0 |
TOP OF THE 4TH |
Colorado Springs Sky Sox batting - Pitching for El Paso Chihuahuas : RHP Miguel Estrada
|
Batting: RHB Itsuo Yoshioka
|
0-0: Called Strike 0-1: Swinging Strike 0-2: Strikes out looking
|
Batting: RHB Carlos Castillo
|
0-0: Ball 1-0: Foul Ball, location: 2F 1-1: Ball 2-1: Foul Ball, location: 2F 2-2: SOLO HOME RUN (Flyball, 78XD, EV 108.8 MPH), Distance : 471 ft
|
Batting: LHB Steve Jewell
|
0-0: Ball 1-0: Ball 2-0: Ball 3-0: Called Strike 3-1: SINGLE (Groundball, 5S, EV 71.9 MPH) (infield hit)
|
Batting: RHB Jamie Alejandro
|
0-0: Ball 1-0: Called Strike 1-1: Ball Steve Jewell is caught stealing 2nd base 2-4 2-1: Called Strike 2-2: Foul Ball, location: 2F 2-2: Foul Ball, location: 2F 2-2: Foul Ball, location: 2F 2-2: SINGLE (Flyball, 9LS, EV 95.0 MPH)
|
Batting: RHB Chad Thompson
|
0-0: Ball 1-0: Ball 2-0: Called Strike 2-1: Swinging Strike 2-2: DOUBLE (Line Drive, 5D, EV 96.9 MPH) Jamie Alejandro to third Runner from 3rd tries for Home, SAFE, throw by LF to trailing runner, OUT at third! 7-6-5
|
Top of the 4th over - 2 runs, 4 hits, 0 errors, 0 left on base; Colorado Springs 3 - El Paso 0 |
BOTTOM OF THE 4TH |
El Paso Chihuahuas batting - Pitching for Colorado Springs Sky Sox : LHP Ashton Upchurch
|
Batting: SHB Brian Bentz
|
0-0: Ball 1-0: Swinging Strike 1-1: Called Strike 1-2: Ball 2-2: Strikes out looking
|
Batting: RHB Jimmy Groseclose
|
0-0: Fly out, F8 (Flyball, 89D, EV 100.0 MPH)
|
Batting: RHB Jose Morrissey
|
0-0: Ball 1-0: Swinging Strike 1-1: Ground out 6-3 (Groundball, 6M, EV 96.9 MPH)
|
Bottom of the 4th over - 0 runs, 0 hits, 0 errors, 0 left on base; Colorado Springs 3 - El Paso 0 |
TOP OF THE 5TH |
Colorado Springs Sky Sox batting - Pitching for El Paso Chihuahuas : RHP Miguel Estrada
|
Batting: RHB Chris Naumann
|
0-0: Called Strike 0-1: Called Strike 0-2: Ground out 4-3 (Groundball, 4S, EV 68.8 MPH)
|
Batting: SHB Ashton Upchurch
|
0-0: Ball 1-0: Called Strike 1-1: Fly out, F7 (Flyball, 7LD, EV 95.0 MPH)
|
Batting: LHB Robert Watson
|
0-0: Ball 1-0: Ground out U3 (Groundball, 34, EV 80.6 MPH)
|
Top of the 5th over - 0 runs, 0 hits, 0 errors, 0 left on base; Colorado Springs 3 - El Paso 0 |
BOTTOM OF THE 5TH |
El Paso Chihuahuas batting - Pitching for Colorado Springs Sky Sox : LHP Ashton Upchurch
|
Batting: RHB Gavin Fimple
|
0-0: Ground out 2-3 (Groundball, 13S, EV 67.5 MPH)
|
Batting: RHB Luis Ramos
|
0-0: Ball 1-0: Called Strike 1-1: Ball 2-1: Ball 3-1: Foul Ball, location: 2F 3-2: SINGLE (Groundball, 6MD, EV 103.1 MPH)
|
Batting: RHB Daniel Coronado
|
0-0: Called Strike 0-1: Ball 1-1: Grounds into double play, 1-4-3 (Groundball, 15, EV 65.0 MPH)
|
Bottom of the 5th over - 0 runs, 1 hit, 0 errors, 0 left on base; Colorado Springs 3 - El Paso 0 |
TOP OF THE 6TH |
Colorado Springs Sky Sox batting - Pitching for El Paso Chihuahuas : RHP Miguel Estrada
|
Batting: RHB Jayden Patterson
|
0-0: Ball 1-0: Ball 2-0: SOLO HOME RUN (Flyball, 9D, EV 93.8 MPH), Distance : 384 ft
|
Batting: RHB Itsuo Yoshioka
|
0-0: Swinging Strike 0-1: Ball 1-1: Foul Ball, location: 2F 1-2: Strikes out looking
|
Batting: RHB Carlos Castillo
|
0-0: Called Strike 0-1: Foul Ball, location: 2F 0-2: Ball 1-2: Foul Ball, location: 2F 1-2: Ball 2-2: Strikes out swinging
|
Batting: LHB Steve Jewell
|
0-0: Ball 1-0: Ground out 6-3 (Groundball, 56, EV 102.5 MPH)
|
Top of the 6th over - 1 run, 1 hit, 0 errors, 0 left on base; Colorado Springs 4 - El Paso 0 |
BOTTOM OF THE 6TH |
El Paso Chihuahuas batting - Pitching for Colorado Springs Sky Sox : LHP Ashton Upchurch
|
Batting: RHB Francisco Trejo
|
0-0: Ball 1-0: Foul Ball, location: 2F 1-1: Foul Ball, location: 2F 1-2: Fly out, F8 (Flyball, 8RD, EV 108.8 MPH)
|
Pinch Hitting: SHB Eric Beard
|
0-0: Called Strike 0-1: Ground out 4-3 (Groundball, 4, EV 104.4 MPH)
|
Batting: LHB Per Meulengracht
|
0-0: Swinging Strike 0-1: Called Strike 0-2: Ball 1-2: Ball 2-2: Foul Ball, location: 2F 2-2: Foul Ball, location: 2F 2-2: Foul Ball, location: 2F 2-2: Foul Ball, location: 2F 2-2: Strikes out swinging
|
Bottom of the 6th over - 0 runs, 0 hits, 0 errors, 0 left on base; Colorado Springs 4 - El Paso 0 |
TOP OF THE 7TH |
Colorado Springs Sky Sox batting - Pitching for El Paso Chihuahuas : RHP Miguel Estrada
|
Pitching: RHP Ben Morris
|
|
Batting: RHB Jamie Alejandro
|
0-0: Foul Ball, location: 2F 0-1: Ball 1-1: Swinging Strike 1-2: Ball 2-2: Ball 3-2: Fly out, F8 (Flyball, 8LXD, EV 100.6 MPH)
|
Pitching: RHP Bill Alicea
|
|
Batting: RHB Chad Thompson
|
0-0: Ball 1-0: Foul Ball, location: 2F 1-1: Called Strike 1-2: SINGLE (Groundball, 6S, EV 71.3 MPH) (infield hit)
|
Batting: RHB Chris Naumann
|
0-0: Ball 1-0: Ball Chad Thompson steals 2nd base 2-0: Ground out 4-3 (Groundball, 4, EV 81.3 MPH) Chad Thompson to third
|
Batting: SHB Ashton Upchurch
|
0-0: Fly out, F6 (Flyball, 56D, EV 96.9 MPH)
|
Top of the 7th over - 0 runs, 1 hit, 0 errors, 1 left on base; Colorado Springs 4 - El Paso 0 |
BOTTOM OF THE 7TH |
El Paso Chihuahuas batting - Pitching for Colorado Springs Sky Sox : LHP Ashton Upchurch
|
Now at 3B: Jason Sher
|
|
Now at SS: Frank Mullen
|
|
Batting: SHB Brian Bentz
|
0-0: DOUBLE (Groundball, 5L, EV 100.6 MPH)
|
Batting: RHB Jimmy Groseclose
|
0-0: Ball 1-0: Ball 2-0: Called Strike 2-1: Called Strike 2-2: Strikes out swinging
|
Batting: RHB Jose Morrissey
|
0-0: Ground out U3 (Groundball, 3, EV 85.0 MPH) Brian Bentz to third
|
Batting: RHB Gavin Fimple
|
0-0: Ball 1-0: Called Strike 1-1: Ground out 5-3 (Groundball, 15, EV 87.5 MPH)
|
Bottom of the 7th over - 0 runs, 1 hit, 0 errors, 1 left on base; Colorado Springs 4 - El Paso 0 |
TOP OF THE 8TH |
Colorado Springs Sky Sox batting - Pitching for El Paso Chihuahuas : RHP Bill Alicea
|
Batting: LHB Robert Watson
|
0-0: Fly out, F9 (Flyball, 9D, EV 105.0 MPH)
|
Batting: RHB Jayden Patterson
|
0-0: Called Strike 0-1: Ball 1-1: Ground out 5-3 (Groundball, 56S, EV 92.5 MPH)
|
Batting: RHB Itsuo Yoshioka
|
0-0: Ball 1-0: Fly out, F8 (Flyball, 8LD, EV 101.9 MPH)
|
Top of the 8th over - 0 runs, 0 hits, 0 errors, 0 left on base; Colorado Springs 4 - El Paso 0 |
BOTTOM OF THE 8TH |
El Paso Chihuahuas batting - Pitching for Colorado Springs Sky Sox : LHP Ashton Upchurch
|
Now at SS: Rico Coss
|
|
Batting: RHB Luis Ramos
|
0-0: Fly out, F9 (Flyball, 9, EV 90.0 MPH)
|
Batting: RHB Daniel Coronado
|
0-0: Ball 1-0: Ball 2-0: SINGLE (Groundball, 6S, EV 61.9 MPH) (infield hit)
|
Batting: RHB Francisco Trejo
|
0-0: Foul Ball, location: 2F 0-1: Swinging Strike 0-2: Strikes out looking
|
Pinch Hitting: RHB Kiyuu del Castillo
|
0-0: Called Strike 0-1: Ball 1-1: Foul Ball, location: 2F 1-2: Ball 2-2: Strikes out swinging
|
Bottom of the 8th over - 0 runs, 1 hit, 0 errors, 1 left on base; Colorado Springs 4 - El Paso 0 |
TOP OF THE 9TH |
Colorado Springs Sky Sox batting - Pitching for El Paso Chihuahuas : RHP Bill Alicea
|
Pitching: LHP Steve Hodge
|
|
Batting: RHB Rico Coss
|
0-0: Ball 1-0: Ball 2-0: Foul Ball, location: 2F 2-1: Foul Ball, location: 2F 2-2: Ball 3-2: Foul Ball, location: 2F 3-2: Strikes out swinging passed ball, reaches first!
|
Batting: LHB Frank Mullen
|
0-0: Called Strike Rico Coss steals 2nd base (no throw) 0-1: Ball 1-1: Foul Ball, location: 2F 1-2: Strikes out swinging
|
Batting: RHB Jamie Alejandro
|
0-0: Foul Ball, location: 2F 0-1: Ball 1-1: Fly out, F7 (Flyball, 78D, EV 90.6 MPH)
|
Batting: RHB Chad Thompson
|
0-0: Called Strike 0-1: Hit by Pitch
|
Batting: RHB Jason Sher
|
0-0: Called Strike 0-1: Ball 1-1: Ball 2-1: Foul Ball, location: 2F 2-2: Foul Ball, location: 2F 2-2: Foul Ball, location: 2F 2-2: Ball 3-2: Base on Balls Rico Coss to third Chad Thompson to second
|
Batting: SHB Ashton Upchurch
|
0-0: Ball 1-0: Ball 2-0: Called Strike 2-1: Ball 3-1: Base on Balls Rico Coss scores Chad Thompson to third Jason Sher to second
|
Batting: LHB Robert Watson
|
0-0: Foul Ball, location: 2F 0-1: Foul Ball, location: 2F 0-2: Foul Ball, location: 2F 0-2: Ball 1-2: Ground out 2-3 (Groundball, 13S, EV 60.6 MPH)
|
Top of the 9th over - 1 run, 0 hits, 0 errors, 3 left on base; Colorado Springs 5 - El Paso 0 |
BOTTOM OF THE 9TH |
El Paso Chihuahuas batting - Pitching for Colorado Springs Sky Sox : LHP Ashton Upchurch
|
Now at 2B: Jose Chinchilla
|
|
Batting: LHB Per Meulengracht
|
0-0: Ball 1-0: Called Strike 1-1: SINGLE (Line Drive, 8RS, EV 96.9 MPH)
|
Batting: SHB Brian Bentz
|
0-0: Fielders Choice at 2nd, 4-6 (Groundball, 4MD, EV 102.5 MPH)
|
Batting: RHB Jimmy Groseclose
|
0-0: Called Strike 0-1: Fly out, F7 (Flyball, 7LM, EV 88.1 MPH)
|
Batting: RHB Jose Morrissey
|
0-0: Foul Ball, location: 2F 0-1: Swinging Strike 0-2: Ball 1-2: Ball 2-2: Fly out, F7 (Flyball, 7LS, EV 96.3 MPH)
|
Bottom of the 9th over - 0 runs, 1 hit, 0 errors, 1 left on base; Colorado Springs 5 - El Paso 0 |
|